Map: Cyber Forest LE

Players

kvarg

  • Race: Protoss Protoss
  • League: Master
  • Spawn Location: 11:00

RainbowDash - Winner!

  • Race: Protoss Protoss
  • League: Master
  • Spawn Location: 5:00

VOD

Have the link to the VOD?

Description

Time

  • Played on: June 20, 2019, 12:44 p.m.
  • Length: 6:30
Show
View Real Time Build Order
Export as new Build Order

kvarg Protoss 

Build Orders:  

Get SALT Encoding   

  12  0:01  Probe  
  13  0:13  Probe  
  14  0:20  Pylon  
  14  0:25  Probe  
  15  0:36  Probe  
  15  0:39  Gateway  
  16  0:44  Probe  
  17  0:50  Assimilator  
  17  0:53  Probe  
  18  1:04  Gateway  
  18  1:14  Probe  
  18  1:18  Assimilator  
  19  1:26  Cybernetics Core, Probe  
  20  1:37  Pylon  
  20  1:38  Probe  
  21  1:50  Probe  
  22  2:02  Probe  
  22  2:03  Stalker  
  22  2:04  Sentry  
  27  2:09  Warp Gate  
  27  2:14  Probe  
  28  2:25  Pylon  
  28  2:30  Stalker  
  30  2:43  Stalker  
  32  3:10  Nexus  
  32  3:14  Shield Battery  
  32  3:26  Robotics Facility  
  32  3:29  Shield Battery  
  32  3:32  Gateway  
  32  3:36  Pylon  
  32  3:37  Shield Battery  
  32  3:50  Probe  
  33  4:02  Probe  
  33  4:06  Forge  
  33  4:09  Twilight Council  
  34  4:12  Probe  
  35  4:21  Observer  
  35  4:22  Probe x2  
  38  4:26  Protoss Ground Weapons Level 1  
  38  4:30  Probe x2  
  38  4:38  Stalker, Probe x2  
  44  4:46  Charge  
  44  4:49  Probe  
  45  5:01  Pylon, Probe  
  45  5:02  Probe  
  45  5:03  Gateway  
  47  5:13  Probe  
  48  5:14  Probe  
  48  5:18  Immortal  
  53  5:25  Probe  
  53  5:26  Probe  
  55  5:31  Stalker x2  
  59  5:36  Assimilator  
  59  5:37  Probe  
  59  5:39  Assimilator  
  59  5:41  Pylon  
  60  5:44  Probe  
  61  5:50  Probe  
  61  5:56  Probe  
  63  6:02  Probe  
  64  6:14  Zealot x4  
Show
View Real Time Build Order
Export as new Build Order

RainbowDash Protoss - Winner!

Build Orders:  

Get SALT Encoding   

  12  0:01  Probe  
  13  0:13  Probe  
  14  0:18  Pylon  
  14  0:23  Probe  
  15  0:32  Probe  
  15  0:38  Gateway  
  15  0:41  Probe  
  16  0:48  Assimilator  
  17  0:53  Probe  
  18  0:57  Assimilator  
  18  1:05  Probe  
  19  1:16  Gateway  
  19  1:17  Probe  
  20  1:28  Cybernetics Core  
  20  1:30  Probe  
  21  1:39  Pylon  
  21  1:42  Probe  
  23  1:54  Probe  
  23  1:55  Warp Gate  
  23  2:04  Stalker x2  
  27  2:27  Pylon  
  27  2:34  Stalker x2, Pylon  
  31  2:53  Nexus  
  30  3:04  Probe, Robotics Facility  
  30  3:12  Probe  
  31  3:18  Pylon  
  32  3:20  Probe  
  33  3:32  Probe  
  34  3:34  Twilight Council  
  34  3:43  Immortal  
  34  3:45  Probe  
  35  3:53  Charge  
  39  3:57  Probe  
  40  4:07  Probe  
  40  4:09  Probe  
  42  4:10  Pylon  
  42  4:19  Probe  
  42  4:21  Probe  
  42  4:22  Observer  
  45  4:36  Gateway  
  45  4:37  Gateway  
  45  4:41  Gateway  
  45  4:43  Probe x2  
  47  4:48  Warp Prism  
  49  4:55  Gateway  
  49  5:02  Zealot  
  49  5:03  Zealot  
  53  5:08  Gateway  
  53  5:20  Pylon  
  53  5:23  Zealot  
  53  5:24  Zealot  
  57  5:38  Zealot x3  
  63  5:44  Zealot x2  
  67  6:03  Zealot x4  
  75  6:04  Zealot  
  77  6:19  Zealot  
Tags
 
Matchup
PvP
Spawn Locations
Cross Positions
Add a new tag
Caveats
  • Supply blocks, unpowered buildings, or Contaminate may cause inaccurate times.
  • Supply counts are checked every 10 seconds.